 Dungeon Crawl Stone Soup version 0.18.1-48-g4cf74bf (webtiles) character file.

882 Joat the Skirmisher (level 7, 0/56 HPs)
             Began as a Demonspawn Fighter on July 27, 2016.
             Splashed by a jelly's acid (8 damage)
             ... on level 6 of the Dungeon.
             The game lasted 01:09:02 (5694 turns).

Joat the Skirmisher (Demonspawn Fighter)            Turns: 5694, Time: 01:09:06

Health: 0/56       AC: -5    Str: 22    XL:     7   Next: 76%
Magic:  16/16      EV:  7    Int:  9    God:
Gold:   194        SH: 10    Dex: 16    Spells: 0 memorised, 6 levels left

rFire  . . .     SeeInvis .     C - +0 hand axe (elec)
rCold  + + .     Gourm    .     w - +0 chain mail
rNeg   . . .     Faith    .     c - +0 shield
rPois  .         Spirit   .     L - +0 helmet
rElec  +         Dismiss  .     u - +1 cloak
rCorr  .         Reflect  .     B - +0 pair of gloves "Zyryafej" {MP+9 Str+3} (curse)
SustAt .         Harm     .     (no boots)
MR     .....                    (no amulet)
Stlth  ..........               l - +2 ring of strength
                                D - ring "Boewinom" {Fragile rElec rC+ Dex+2}

@: corroded, not resistant to hostile enchantments, extremely unstealthy
A: hooves 1, cold resistance 1
a: no special abilities


You were on level 6 of the Dungeon.
You were not hungry.

You visited 1 branch of the dungeon, and saw 6 of its levels.

You collected 194 gold pieces.

Inventory:

Hand Weapons
 a - a +0 long sword
 m - a +0 dagger
 q - a +3 quarterstaff of chaos
 y - a +0 whip of flaming
 C - a +0 hand axe of electrocution (weapon)
Missiles
 i - 104 stones
 v - 41 bolts
 A - 8 tomahawks (quivered)
 E - 16 poisoned needles
 J - 25 sling bullets
 N - 19 arrows
Armour
 c - a +0 shield (worn)
 r - a +0 pair of gloves
 u - a +1 cloak (worn)
 w - a +0 chain mail (worn)
 B - the cursed +0 pair of gloves "Zyryafej" (worn) {MP+9 Str+3}
   (You found it on level 4 of the Dungeon)

   It affects your strength (+3).
   It affects your magic capacity (+9).
   It has a curse placed upon it.
 F - a +0 pair of boots
 L - a +0 helmet (worn)
Magical Staves
 R - an uncursed staff of earth
Jewellery
 k - a +5 ring of evasion
 l - a +2 ring of strength (right hand)
 D - the ring "Boewinom" (left hand) {Fragile rElec rC+ Dex+2}
   (You found it on level 5 of the Dungeon)

   [ring of dexterity]

   It affects your dexterity (+2).
   It protects you from cold.
   It insulates you from electricity.
   It will be destroyed if unequipped.
Wands
 K - a wand of enslavement (10/24)
 M - a wand of enslavement (14/24)
Scrolls
 b - a scroll of noise {unknown}
 h - a scroll of remove curse
 j - 6 scrolls of identify
 n - a scroll of magic mapping {unknown}
 o - a scroll of enchant armour {unknown}
 s - a scroll of recharging {unknown}
 x - a scroll of immolation {unknown}
 G - a scroll of random uselessness {unknown}
 H - 5 scrolls of teleportation
 I - a scroll of blinking {unknown}
 Q - a scroll of enchant weapon {unknown}
Potions
 d - a potion of might
 e - a potion of haste
 p - 2 potions of flight {unknown}
 z - a potion of magic {unknown}
 P - a potion of brilliance {unknown}
 S - a potion of invisibility {unknown}
Comestibles
 f - 7 bread rations
 g - 3 fruits
 t - a slice of pizza


   Skills:
 * Level 5.5 Fighting
 - Level 2.0 Long Blades
 + Level 2.1(2.3) Axes
 - Level 1.0(1.7) Maces & Flails
 + Level 4.1 Armour
 * Level 3.6 Dodging
 + Level 4.4 Shields


You had 6 spell levels left.
You didn't know any spells.

Dungeon Overview and Level Annotations

Branches:
Dungeon (6/15)
 Temple: D:4-7

Altars:
Dithmenos
Pakellas
Ru
Trog
Yredelemnul


Innate Abilities, Weirdness & Mutations

You have large cloven feet.
Your flesh is cold resistant.


Message History

The jelly hits you.
You are splashed with acid!
The acid burns!
* * * LOW HITPOINT WARNING * * *
You block the jelly's attack.
There is a stone staircase leading down here.
You block the jelly's attack. x2
You climb downwards.
A jelly comes into view.
The jelly quivers.
The teleport trap disappears.
The jelly disappears!
Found a chain mail.
There is a stone staircase leading up here.
Found a meat ration.
You hit the jelly but do no damage.
Your hands burn!
* * * LOW HITPOINT WARNING * * *
You kick the jelly, but do no damage.
The jelly is moderately wounded.
The jelly hits you.
* * * LOW HITPOINT WARNING * * *
You are splashed with acid!
The acid corrodes you!
The acid burns!
You die...

...#..........
........#....##.
#......#......
.#...%..#....#
........#....#
#.....#....##
..#.....#.....#
.......@JJ<...#
........#.....#
.#.#.#.##.....#
.. #. #.....#
..# #. [.....# .
####.....#
#.....# #.....#


You could see 2 jellies.

Vanquished Creatures
  2 ice beasts (D:5)
  A phantom (D:5)
  An ogre (D:4)
  A scorpion (D:4)
  A centaur zombie (D:4)
  A hound (D:4)
  An orc priest (D:5)
  Crazy Yiuf (D:3)
  An orc wizard (D:5)
  4 worker ants
  A howler monkey skeleton (D:5)
  4 gnolls (D:3)
  7 adders
  3 oozes
  A worm (D:2)
  2 dart slugs
  2 giant geckos
  19 orcs
  7 giant cockroaches
  8 goblins
  6 hobgoblins
  2 quokkas
  3 ball pythons
  4 bats
  2 giant newts
  A jackal skeleton (D:4)
  6 kobolds
  A quokka zombie (D:5)
  6 rats
99 creatures vanquished.

Notes
Turn   | Place    | Note
--------------------------------------------------------------
     0 | D:1      | Joat the Demonspawn Fighter began the quest for the Orb.
     0 | D:1      | Reached XP level 1. HP: 18/18 MP: 1/1
   223 | D:1      | Gained mutation: You have large cloven feet. [demonic ancestry]
   223 | D:1      | Reached XP level 2. HP: 24/24 MP: 2/2
  1167 | D:2      | Found a faded altar to an unknown god.
  1274 | D:2      | Reached XP level 3. HP: 26/29 MP: 3/3
  1627 | D:2      | Found a bloodstained altar of Trog.
  1627 | D:2      | Found an oddly glowing altar of Pakellas.
  1676 | D:2      | Found a shadowy altar of Dithmenos.
  1879 | D:2      | Reached skill level 1 in Dodging
  1953 | D:2      | Reached XP level 4. HP: 32/36 MP: 4/4
  2142 | D:3      | Found a basalt altar of Yredelemnul.
  2678 | D:3      | Reached XP level 5. HP: 8/42 MP: 5/5
  2690 | D:3      | Reached skill level 1 in Maces & Flails
  3278 | D:3      | Noticed Crazy Yiuf
  3281 | D:3      | Killed Crazy Yiuf
  3281 | D:3      | Reached skill level 4 in Fighting
  3810 | D:4      | Got a pair of jewelled gloves
  3821 | D:4      | Identified the cursed +0 pair of gloves "Zyryafej" {MP+9 Str+3} (You found it on level 4 of the Dungeon)
  3852 | D:4      | Gained mutation: Your flesh is cold resistant. [demonic ancestry]
  3852 | D:4      | Reached XP level 6. HP: 46/48 MP: 6/6
  4225 | D:4      | Found a sacrificial altar of Ru.
  4237 | D:4      | Reached skill level 1 in Axes
  4765 | D:5      | Entered Level 5 of the Dungeon
  5033 | D:5      | Reached XP level 7. HP: 53/55 MP: 7/7
  5210 | D:5      | Reached skill level 5 in Fighting
  5318 | D:5      | Got a faintly glowing lead ring
  5320 | D:5      | Identified the ring "Boewinom" {Fragile rElec rC+ Dex+2} (You found it on level 5 of the Dungeon)
  5694 | D:6      | Splashed by a jelly's acid

Skill      XL: |  1  2  3  4  5  6  7 |
---------------+----------------------+-----
Armour         | 3 4 |  4.1
Long Blades    | 2 |  2.0
Shields        | 3 4 |  4.4
Dodging        | 1 2 3 |  3.6
Maces & Flails | 1 |  1.0
Fighting       | 4 5 |  5.5
Axes           | 1 2 |  2.1

Action                   |  1- 3 |  4- 6 |  7- 9 || total
-------------------------+-------+-------+-------++-------
Melee: Long sword        |    87 |       |       ||    87
       Kick              |    24 |    25 |    16 ||    65
       Whip              |    35 |   108 |       ||   143
       Hand axe          |       |   123 |    51 ||   174
Throw: Stone             |     1 |       |       ||     1
       Tomahawk          |       |     2 |     2 ||     4
  Use: Scroll            |       |     3 |       ||     3
  Eat: Chunk             |     3 |     9 |     1 ||    13
       Pizza             |       |     1 |       ||     1
       Meat ration       |       |       |     1 ||     1
Armor: Scale mail        |    20 |       |       ||    20
       Chain mail        |    15 |    85 |    23 ||   123
Dodge: Dodged            |    67 |    98 |    22 ||   187
Block: Shield            |    43 |   111 |    27 ||   181
